 Dungeon Crawl Stone Soup version 0.30-a0-50-gb2d611f6b1 (webtiles) character file.

Game seed: 8355123494374158831

1 porpoise the Sneak (level 1, -1/18 HPs)
             Began as a Demonspawn Delver on Sept 4, 2022.
             Slain by an iguana (6 damage)
             ... on level 4 of the Dungeon.
             The game lasted 00:03:16 (584 turns).

porpoise the Sneak (Demonspawn Delver)               Turns: 584, Time: 00:03:17

Health: -1/18      AC:  3    Str: 12    XL:     1   Next: 16%
Magic:  1/1        EV: 11    Int: 11    God:
Gold:   28         SH:  0    Dex: 14    Spells: 0/0 levels left

rFire   . . .      SeeInvis .    a - +0 spear
rCold   . . .      Faith    .    (no shield)
rNeg    . . .      Spirit   .    b - +0 leather armour
rPois   .          Reflect  .    (no helmet)
rElec   .          Harm     .    (no cloak)
rCorr   .          Rampage  .    (no gloves)
Will    .....                    (no boots)
Stlth   ++........               (no amulet)
HPRegen 0.06/turn                (no ring)
MPRegen 0.07/turn                (no ring)

@: hasted, very quick
A: no striking features
a: no special abilities


You were on level 4 of the Dungeon.
You visited 1 branch of the dungeon, and saw 2 of its levels.

You collected 28 gold pieces.

Inventory:

Hand Weapons
 a - a +0 spear (weapon)
Armour
 b - a +0 leather armour (worn)
Wands
 g - a wand of digging (3)
Scrolls
 c - a scroll of fog
 d - a scroll of magic mapping
 e - a scroll of fear
 h - a scroll of identify {unknown}


   Skills:
 * Level 3.0 Fighting
 * Level 1.8 Polearms
 - Level 1.7 Dodging
 + Level 4.5 Stealth


You couldn't memorise any spells.
You didn't know any spells.
Your spell library was empty.

Dungeon Overview and Level Annotations

Branches:
Dungeon (5/15)
 Temple: D:4-7

Altars:


Message History

Found 2 stones.
There is a stone staircase leading down here.
Found a scroll labelled QADIZE SAGG.
h - a scroll labelled QADIZE SAGG An endoplasm comes into view.
The endoplasm quivers.
You hit the endoplasm but do no damage. The endoplasm freezes you.
You are frozen.
You hit the endoplasm but do no damage.
The endoplasm jiggles.
The endoplasm freezes you.
You are frozen.
You hit the endoplasm.
The endoplasm is severely wounded.
The endoplasm freezes you.
You are frozen.
You hit the endoplasm.
The endoplasm is almost dead.
The endoplasm freezes you.
You are frozen.
You hit the endoplasm.
You kill the endoplasm!
You start resting.
HP restored.
Found a pair of gloves.
An iguana comes into view.
Okay, then.
You feel yourself speed up. The iguana bites you!
Ouch! That really hurt!
* * * LOW HITPOINT WARNING * * *
You closely miss the iguana. The iguana barely misses you.
You closely miss the iguana. The iguana barely misses you.
You hit the iguana but do no damage. You barely miss the iguana.
The iguana closely misses you.
You hit the iguana but do no damage. The iguana completely misses you.
You hit the iguana.
The iguana is lightly wounded.
The iguana bites you.
You die...

# ..# # ..#
##.####..###
##.#.........#
..[.#........
#l...........
#@...# .....
##..## . ...#
#.## ... #..#
##.# #.....
#..###
#.###......#
#..#
#.##....#..#
##.. ##.#...#
#.# #...
###.....#
#.####..#
#.#....##
#..##..##


You could see an iguana.

Vanquished Creatures
  An endoplasm (D:4)
1 creature vanquished.

Notes
Turn   | Place    | Note
-------+----------+-------------------------------------------
     0 | D:5      | porpoise the Demonspawn Delver began the quest for the Orb.
     0 | D:5      | Reached XP level 1. HP: 18/18 MP: 1/1
    10 | D:5      | Noticed a scorpion
   165 | D:4      | Noticed a necrophage
   208 | D:5      | Noticed a jelly
   576 | D:4      | Noticed an iguana
   584 | D:4      | Slain by an iguana

Illustrated notes

Levels and vault maps discovered:
D:4:      layout_layer_cave, uniq_edmund, uniq_sigmund
D:5:      layout_basic, minitemple, nicolae_wu_jian_immortal_techniques,
          minmay_temple_entry_nine_rooms, dk_rats_in_the_wall

Action                   || total
-------------------------++-------
Melee: Spear             ||    11
  Use: Potion            ||     1
Dodge: Dodged            ||     4

Table legend: (Time is in decaauts)
 A = Elapsed time spent in this place.
 B = Non-inter-level travel time spent in this place.
 C = Inter-level travel time spent in this place.
 D = Time resting spent in this place.
 E = Time spent auto-exploring this place.
 F = Levels seen in this place.
 G = Mean time per level.
                   A        B        C        D        E       F      G
               +--------+--------+--------+--------+--------+-----+--------+
         Total |    582 |    582 |      0 |    197 |     10 |   2 |  291.0 |
       Dungeon |    582 |    582 |      0 |    197 |     10 |   2 |  291.0 |
               +--------+--------+--------+--------+--------+-----+--------+

Top non-repeatable levels by time:
     D:4: 373 daAuts
     D:5: 208 daAuts
